 Dungeon Crawl Stone Soup version 0.30-a0-322-g102857c98e (webtiles) character file.

Game seed: 2806988478395794123

64289 ryw the Black Belt (level 14, -2/111 HPs)
             Began as a Demonspawn Monk on Oct 28, 2022.
             Was a High Priest of Makhleb.
             Shot with a bolt by a yaktaur captain (50 damage)
             ... on level 13 of the Dungeon.
             The game lasted 01:05:13 (23342 turns).

ryw the Black Belt (Demonspawn Monk)               Turns: 23342, Time: 01:05:13

Health: -2/111     AC: 14    Str: 21    XL:     14   Next: 71%
Magic:  21/21      EV: 19    Int: 14    God:    Makhleb [*****.]
Gold:   514        SH: 15    Dex: 19    Spells: 20/20 levels left

rFire   . . .      SeeInvis +      - Unarmed
rCold   . . .      Faith    .    w - +3 buckler
rNeg    . . .      Spirit   .    V - +3 troll leather armour of Ugguun {Will+ Regen+ Dex+4 Slay+4 SInv}
rPois   .          Reflect  +    W - +0 helmet
rElec   .          Harm     .    R - +0 cloak
rCorr   .          Rampage  .    (no gloves)
Will    ++...                    (no boots)
Stlth   ++........               v - amulet of reflection
HPRegen 1.18/turn                p - +4 ring of evasion
MPRegen 0.17/turn                b - +6 ring of strength

@: studying Polearms
A: claws 2, slimy green scales 2, demonic guardian 3
a: Renounce Religion, Minor Destruction, Lesser Servant of Makhleb, Major
Destruction, Greater Servant of Makhleb


You were on level 13 of the Dungeon.
You worshipped Makhleb.
Makhleb was extremely pleased with you.
You visited 4 branches of the dungeon, and saw 20 of its levels.
You also visited: Sewer.

You collected 1735 gold pieces.
You spent 1221 gold pieces at shops.

Inventory:

Hand Weapons
 a - a +2 sling of freezing
Missiles
 e - 36 poisoned darts
 k - 4 javelins (quivered)
 n - 11 boomerangs
 B - 2 atropa-tipped darts
 H - 10 curare-tipped darts
 T - 3 throwing nets
Armour
 w - a +3 buckler (worn)
 R - a +0 cloak (worn)
 V - the +3 troll leather armour of Ugguun (worn) {Will+ Regen+ Dex+4 Slay+4 SInv}
   (You bought it in a shop on level 6 of the Dungeon)

   Dex:       It affects your dexterity (+4).
   Slay:      It affects your accuracy & damage with ranged weapons and melee
   (+4).
   SInv:      It lets you see invisible.
   Regen:     It increases your rate of health regeneration.
   Will:      It increases your willpower.
 W - a +0 helmet (worn)
Jewellery
 b - a +6 ring of strength (right claw)
 g - a ring of willpower
 o - a ring of protection from fire
 p - a +4 ring of evasion (left claw)
 v - an amulet of reflection (around neck)
Wands
 c - a wand of roots (25)
 d - a wand of mindburst (22)
 t - a wand of quicksilver (14)
 G - a wand of polymorph (14)
 J - a wand of digging (4)
 S - a wand of paralysis (9)
Scrolls
 m - 3 scrolls of silence
 q - 4 scrolls of fear
 u - 7 scrolls of teleportation
 x - a scroll of amnesia
 z - 3 scrolls of magic mapping
 D - 4 scrolls of blinking
 M - 6 scrolls of brand weapon
 Q - 2 scrolls of identify
Potions
 f - 6 potions of flight
 i - 10 potions of heal wounds
 j - 8 potions of curing
 s - 3 potions of cancellation
 A - a potion of brilliance
 C - 2 potions of ambrosia
 E - 2 potions of haste
 F - 2 potions of magic
 I - 2 potions of attraction
 K - 2 potions of mutation
 N - 2 potions of berserk rage
 P - a potion of invisibility
 U - a potion of lignification


   Skills:
 + Level 10.7 Fighting
 - Level 5.0 Ranged Weapons
 - Level 8.3 Armour
 + Level 6.3 Dodging
 - Level 2.0 Stealth
 - Level 8.3 Shields
 * Level 15.8 Unarmed Combat
 + Level 3.6 Spellcasting
 + Level 10.4 Invocations


You had 20 spell levels left.
You didn't know any spells.
Your spell library contained the following spells:

 Spells                   Type           Power      Damage    Failure   Level
 Beastly Appendage        Tmut           4%         N/A       28%         1
 Freeze                   Ice            8%         1d3       28%         1
 Sublimation of Blood     Necr           2%         N/A       41%         2
 Wereblood                Tmut           2%         N/A       41%         2
 Frozen Ramparts          Ice            4%         1d1       65%         3
 Gell's Gravitas          Tloc           2%         N/A       65%         3
 Hailstorm                Conj/Ice       2%         3d3       65%         3
 Lesser Beckoning         Tloc           4%         N/A       65%         3
 Ozocubu's Armour         Ice            2%         N/A       65%         3
 Portal Projectile        Hex/Tloc       4%         N/A       65%         3
 Spider Form              Tmut/Pois      2%         N/A       65%         3
 Teleport Other           Tloc           2%         N/A       65%         3
 Tukima's Dance           Hex            2%         N/A       65%         3
 Cause Fear               Hex            1%         N/A       96%         4
 Ice Form                 Ice/Tmut       2%         N/A       96%         4
 Passage of Golubria      Tloc           2%         N/A       96%         4
 Petrify                  Tmut/Erth      2%         N/A       96%         4
 Summon Ice Beast         Ice/Summ       2%         N/A       96%         4
 Blade Hands              Tmut           1%         N/A       100%        5
 Irradiate                Conj/Tmut      1%         3d12      100%        5
 Yara's Violent Unravell  Hex/Tmut       1%         3d3       100%        5
 Dispersal                Tloc           1%         N/A       100%        6
 Dragon Form              Tmut           1%         N/A       100%        7
 Ozocubu's Refrigeration  Ice            1%         4d7       100%        7
 Dragon's Call            Summ           1%         N/A       100%        9


Dungeon Overview and Level Annotations

Branches:
Dungeon (13/15)            Temple (1/1) D:5            Lair (5/5) D:9
 Shoals (0/4) Lair:3        Snake (0/4) Lair:3        Slime (0/5) Lair:4
    Orc (1/2) D:10         Vaults (0/5) D:13          Sewer (visited)

Altars:
Ashenzari
Cheibriados
Dithmenos
Fedhas
Gozag
Hepliaklqana
Kikubaaqudgha
Makhleb
Nemelex Xobeh
Okawaru
Qazlal
Ru
Sif Muna
Trog
Uskayaw
Vehumet
Wu Jian
Xom
Yredelemnul
Jiyva

Shops:
D:5 *   D:6 [   D:10 (

Annotations:
D:8 exclusions: oklob plant and oklob sapling
D:9 4 transporters
Lair:5 1 runed translucent door, Iich's ghost, journeyman MiBe


Innate Abilities, Weirdness & Mutations

You have very sharp fingernails.
You are mostly covered in slimy green scales. (AC +3)
A powerful demonic guardian rushes to your aid.


Message History

2 yaktaurs come into view.
Found a gate to the Vaults.
The yaktaur shouts! x2; The yaktaur captain shouts!
The yaktaur captain wields a +0 arbalest.
The yaktaur captain shoots a bolt.
The bolt hits you!! The yaktaur misses you.
You mangle the yaktaur!!
The yaktaur is heavily wounded.
The yaktaur wields a +0 arbalest.
The yaktaur shoots a bolt.
You reflect the bolt off an invisible shield around you!
The bolt hits the yaktaur!!
You block the yaktaur's attack.
The yaktaur captain shoots a bolt.
The bolt hits you!
You mangle the yaktaur!!
You kill the yaktaur!
Makhleb accepts your kill.
The yaktaur shoots a bolt.
The bolt barely misses you.
The yaktaur captain shoots a bolt.
The bolt hits you!!
A demonic guardian appears!
The yaktaur unwields a +0 arbalest.
The yaktaur closely misses you.
The yaktaur captain shoots a bolt.
You reflect the bolt off an invisible shield around you!
The bolt hits the yaktaur captain!
The yaktaur misses you.
Things that are here:
a +0 arbalest; a yaktaur corpse You block the yaktaur's attack.
You scratch the yaktaur but do no damage.
You scratch the yaktaur.
The yaktaur is lightly wounded.
Your sun demon hits the yaktaur captain!
The yaktaur captain is engulfed in flames!
You scratch the yaktaur but do no damage.
The yaktaur is lightly wounded.
The yaktaur captain shoots a bolt.
The bolt hits you!!!
* * * LOW HITPOINT WARNING * * *
The yaktaur barely misses you.
Your sun demon completely misses the yaktaur captain.
Unknown command.
You feel much better.
Your sun demon barely misses the yaktaur captain.
The yaktaur captain shoots a bolt.
The bolt hits you!!!
You die...

#### ## #####..
...####.....####
...............#
............3..# . .
............c..#.... .
$.............#.... .
.......#.#)........ .
######....#∩@c...... .
........#.###....... .
.######.............
#### +.#.#.#.......
#... #.............
#... #...+.........
#####...
#...#....#####.#.......
#...#....+...#.##......
#...#....#...#..#......


You could see a yaktaur captain (ally target), a yaktaur and a friendly sun
demon (summoned).

Vanquished Creatures
  Rupert (D:13)
  Snorg (Lair:3)
  Harold (D:10)
  2 hydras (Lair:4)
  A centaur warrior (D:13)
  5 two-headed ogres
  6 death yaks
  Sonja (Orc:1)
  A lindwurm (Lair:4)
  An orc knight (D:10)
  2 oklob plants
  2 ugly things
  A cyclops (D:12)
  A wolf spider (Lair:5)
  21 elephants
  Maurice (D:10)
  A guardian serpent (Lair:5)
  8 black mambas
  A torpor snail (Lair:1)
  20 cane toads
  A gargoyle (D:11)
  An unseen horror (D:11)
  4 rime drakes
  A kobold demonologist (D:9)
  Maggie (D:7)
  A yaktaur (D:13)
  12 komodo dragons
  3 trolls
  2 polar bears (Lair:4)
  2 hornets
  2 slime creatures (D:13)
  12 blink frogs
  3 shadows
  3 wraiths
  36 yaks
  5 wyverns
  4 vampires
  3 steam dragons
  4 vampire mosquitoes (D:11)
  3 redbacks (Lair:5)
  Menkaure (D:6)
  An acid dragon (D:10)
  22 water moccasins
  Duvessa (D:7)
  4 black bears
  An ice beast (D:8)
  8 orc warriors
  A sky beast (D:6)
  6 centaurs
  10 wolves
  2 phantoms
  3 kobold brigands
  8 bullfrogs
  A wight (D:5)
  4 scorpions
  Dowan (D:7)
  15 killer bees
  A howler monkey (D:9)
  4 orc priests
  4 jellies
  Crazy Yiuf (D:3)
  A hound (D:6)
  5 iguanas
  7 orc wizards
  18 gnolls
  14 adders
  3 river rats (Sewer)
  5 white imps
  3 ufetubi (D:5)
  4 worms
  8 dart slugs
  29 orcs
  12 endoplasms
  A giant cockroach (D:2)
  6 goblins
  6 hobgoblins
  12 jackals
  16 kobolds
  2 quokkas (D:2)
  9 ball pythons
  A bat (D:3)
  3 frilled lizards
  9 rats
454 creatures vanquished.

Vanquished Creatures (collateral kills)
  Josephine (D:10)
  Fannar (Lair:1)
  A hydra (Lair:2)
  2 boulder beetles (Lair:5)
  A black mamba (Lair:5)
  2 kobold demonologists (D:9)
  A cane toad (Lair:5)
  A komodo dragon (Lair:2)
  2 trolls (D:9)
  A blink frog (Lair:4)
  2 slime creatures (D:13)
  A snapping turtle (Lair:3)
  3 wraiths (D:10)
  2 wyverns (Lair:5)
  A basilisk (Lair:1)
  3 water moccasins
  An orc warrior (Orc:1)
  A kobold brigand (D:9)
  A gnoll sergeant (D:8)
  A killer bee (D:5)
  An electric eel (Lair:3)
  An orc priest (Orc:1)
  An orc wizard (D:9)
  A gnoll (D:8)
  2 kobolds (D:9)
  A bush (Lair:5)
36 creatures vanquished.

Vanquished Creatures (others)
  12 bushes (Lair:5)
  42 fungi
  76 plants
130 creatures vanquished.

Grand Total: 620 creatures vanquished

Notes
Turn   | Place    | Note
-------+----------+-------------------------------------------
     0 | D:1      | ryw the Demonspawn Monk began the quest for the Orb.
     0 | D:1      | Reached XP level 1. HP: 18/18 MP: 1/1
   313 | D:1      | Gained mutation: You are partially covered in slimy green
                  | scales. (AC +2) [demonic ancestry]
   313 | D:1      | Reached XP level 2. HP: 25/25 MP: 2/2
   842 | D:2      | Gained mutation: You are mostly covered in slimy green
                  | scales. (AC +3) [demonic ancestry]
   842 | D:2      | Reached XP level 3. HP: 22/30 MP: 3/3
   897 | D:2      | Found a shimmering blue altar of Sif Muna.
  1369 | D:2      | Reached skill level 5 in Fighting
  1369 | D:2      | Gained mutation: You have sharp fingernails. [demonic
                  | ancestry]
  1369 | D:2      | Reached XP level 4. HP: 35/39 MP: 4/4
  2312 | D:3      | Found a runed translucent door.
  2313 | D:3      | Noticed Crazy Yiuf
  2400 | D:3      | Reached skill level 3 in Unarmed Combat
  2409 | D:4      | Noticed a phantom
  2421 | D:3      | Killed a phantom
  2422 | D:3      | Reached skill level 4 in Unarmed Combat
  2422 | D:3      | Gained mutation: A weak demonic guardian rushes to your
                  | aid. [demonic ancestry]
  2422 | D:3      | Reached XP level 5. HP: 44/44 MP: 5/5
  2821 | D:4      | You fall into a shaft and drop 1 floor!
  2821 | D:5      | Entered Level 5 of the Dungeon
  2823 | D:5      | Noticed a phantom
  2834 | D:6      | Noticed a centaur
  2882 | D:5      | Killed a phantom
  2883 | D:5      | Reached skill level 5 in Unarmed Combat
  2883 | D:5      | Reached XP level 6. HP: 17/51 MP: 6/6
  2943 | D:5      | Found a staircase to the Ecumenical Temple.
  2952 | Temple   | Entered the Ecumenical Temple
  3001 | Temple   | Became a worshipper of Makhleb the Destroyer
  3001 | Temple   | Reached * piety under Makhleb
  3001 | Temple   | Reached ** piety under Makhleb
  3088 | D:5      | Found a glowing drain.
  3097 | Sewer    | Entered a sewer
  3347 | D:5      | Identified the +4 spear "Uxei" {elec, rElec Str-3 Dex+4}
  3411 | D:5      | Gained mutation: A demonic guardian rushes to your aid.
                  | [demonic ancestry]
  3411 | D:5      | Reached XP level 7. HP: 18/56 MP: 9/9
  3585 | D:5      | Found Meresec's Assorted Antiques.
  3664 | D:4      | Reached skill level 6 in Unarmed Combat
  4091 | D:3      | Reached *** piety under Makhleb
  4185 | D:4      | Found a shimmering altar of Xom.
  4185 | D:4      | Found a broken altar of Ashenzari.
  4200 | D:4      | Reached skill level 5 in Invocations
  4200 | D:4      | Found a snail-covered altar of Cheibriados.
  4516 | D:5      | Bought a scroll labelled CITRENNAEWK for 31 gold pieces
  4516 | D:5      | Bought a dark potion for 27 gold pieces
  4516 | D:5      | Bought a potion of heal wounds for 155 gold pieces
  4776 | D:5      | Reached skill level 1 in Armour
  4776 | D:5      | Reached XP level 8. HP: 61/62 MP: 11/11
  4839 | D:5      | Reached skill level 1 in Shields
  4839 | D:5      | Reached skill level 7 in Unarmed Combat
  5061 | D:6      | Found a sparkling altar of Nemelex Xobeh.
  5061 | D:6      | Found a sacrificial altar of Ru.
  5276 | D:6      | Found Vanuist's Armour Shoppe.
  5349 | D:6      | Noticed Menkaure
  5358 | D:6      | Killed Menkaure
  5390 | D:6      | Found the +6 shillelagh "Devastator" {shatter}
  6501 | D:6      | Reached skill level 8 in Unarmed Combat
  6501 | D:6      | Gained mutation: You have very sharp fingernails. [demonic
                  | ancestry]
  6501 | D:6      | Reached XP level 9. HP: 62/69 MP: 12/12
  7028 | D:7      | Noticed a two-headed ogre
  7033 | D:7      | Killed a two-headed ogre
  7124 | D:7      | Noticed Duvessa
  7144 | D:7      | Noticed Dowan
  7147 | D:7      | Killed Duvessa
  7148 | D:7      | Reached skill level 9 in Unarmed Combat
  7258 | D:7      | Killed Dowan
  7500 | D:7      | Noticed Maggie
  7511 | D:7      | Killed Maggie
  7511 | D:7      | Reached **** piety under Makhleb
  7988 | D:8      | Gained mutation: A powerful demonic guardian rushes to your
                  | aid. [demonic ancestry]
  7988 | D:8      | Reached XP level 10. HP: 77/79 MP: 13/13
  8503 | D:8      | Found a shadowy altar of Dithmenos.
  8508 | D:8      | Found a bloodstained altar of Trog.
  8871 | D:9      | Found a staircase to the Lair.
  8944 | D:9      | Found a transporter.
  8965 | D:9      | Found a transporter.
  9021 | D:9      | Found a transporter.
  9156 | D:9      | Reached skill level 5 in Armour
  9393 | D:9      | Found an iron altar of Okawaru.
  9468 | D:9      | Reached skill level 5 in Shields
  9468 | D:9      | Reached skill level 10 in Unarmed Combat
  9838 | D:9      | Found a transporter.
 10087 | Lair:1   | Entered Level 1 of the Lair of Beasts
 10287 | Lair:1   | Reached skill level 11 in Unarmed Combat
 10497 | Lair:1   | Reached XP level 11. HP: 87/87 MP: 15/15
 10757 | Lair:1   | Reached ***** piety under Makhleb
 11899 | Lair:2   | Reached skill level 12 in Unarmed Combat
 11957 | Lair:2   | Noticed an eight-headed hydra
 12040 | Lair:2   | Noticed Fannar
 12226 | Lair:1   | Killed Fannar
 12374 | Lair:2   | Reached skill level 1 in Ranged Weapons
 12503 | Lair:2   | Killed an eight-headed hydra
 12879 | Lair:3   | Found a staircase to the Snake Pit.
 12966 | Lair:3   | Found a dark tunnel.
 12995 | Lair:3   | Reached XP level 12. HP: 97/97 MP: 18/18
 14013 | Lair:3   | Found a staircase to the Shoals.
 14205 | Lair:4   | Reached skill level 10 in Fighting
 14364 | Lair:4   | Noticed Snorg
 14450 | Lair:3   | Killed Snorg
 14451 | Lair:3   | Reached skill level 13 in Unarmed Combat
 14828 | Lair:4   | Reached skill level 5 in Dodging
 14873 | Lair:4   | Found a staircase to the Slime Pits.
 14874 | Lair:4   | Found a viscous altar of Jiyva.
 14974 | Lair:3   | Reached skill level 10 in Invocations
 15251 | Lair:4   | Reached XP level 13. HP: 103/103 MP: 20/20
 15465 | Lair:5   | Entered Level 5 of the Lair of Beasts
 16320 | Lair:5   | Found a runed translucent door.
 16544 | Lair:4   | Reached skill level 5 in Ranged Weapons
 16676 | Lair:5   | Reached skill level 14 in Unarmed Combat
 17819 | D:10     | Entered Level 10 of the Dungeon
 18172 | D:10     | Found a staircase to the Orcish Mines.
 18390 | D:10     | Found Kusuliry's Weapon Emporium.
 18442 | D:10     | Noticed Josephine
 18679 | D:10     | Killed Josephine
 18794 | D:10     | Noticed Maurice
 18807 | D:10     | Killed Maurice
 18880 | D:10     | Noticed Harold
 18892 | D:10     | Killed Harold
 19111 | D:10     | Reached XP level 14. HP: 110/110 MP: 21/21
 19121 | Orc:1    | Entered Level 1 of the Orcish Mines
 19179 | Orc:1    | Noticed Sonja
 19203 | Orc:1    | Killed Sonja
 19544 | D:6      | Bought the +3 troll leather armour of Ugguun {Will+ Regen+
                  | Dex+4 Slay+4 SInv} for 1008 gold pieces
 19665 | Lair:5   | Reached skill level 15 in Unarmed Combat
 19739 | Lair:5   | Reached skill level 1 in Spellcasting
 20345 | Lair:5   | Noticed Iich's ghost (journeyman MiBe)
 20816 | D:3      | Killed Crazy Yiuf
 20820 | D:3      | Identified the +4 hammer of Parts Unknown {freeze, rElec
                  | rPois}
 22980 | D:13     | Noticed Rupert
 23124 | D:13     | Killed Rupert
 23333 | D:13     | Found a gate to the Vaults.
 23342 | D:13     | Shot with a bolt by a yaktaur captain

Illustrated notes

Levels and vault maps discovered:
D:1:      matt_arrival_diagonals, layout_loops_ring, serial_aquarium,
          aquarium_bridge_long_separate [aquarium_subvault_window,
          aquarium_subvault_bridge, aquarium_subvault_bridge,
          aquarium_subvault_bridge, aquarium_subvault_bridge,
          aquarium_subvault_wall], aquarium_bridge_square
          [aquarium_subvault_wall, aquarium_subvault_wall,
          aquarium_subvault_bridge, aquarium_subvault_bridge],
          aquarium_window_corner, aquarium_window_fake, aquarium_view_4,
          aquarium_view_2d, aquarium_pool_side, hangedman_feature_mirror
D:2:      layout_loops_cross, basic_altar
D:3:      layout_loops_ring, uniq_crazy_yiuf_cottage
D:4:      minmay_recursive_quarters, layout_cave_pools,
          grunt_temple_overflow_cloverleaf, kennysheep_generic_room_7
D:5:      layout_rooms, minmay_temple_entry_poolview, portal_sewer_entry_d,
          serial_shops, nicolae_shop_stone, corexii_checkpoint_a,
          minmay_manual_maat
D:6:      layout_layer_cave, gammafunk_temple_overflow_statue, serial_shops,
          shop, uniq_menkaure
D:7:      layout_layer_cave, uniq_maggie, uniq_duvessa
D:8:      layout_rooms, minitemple, introduction_to_nature_2
D:9:      layout_roguey, mainiacjoe_overflow_boulevard, serial_co_window_serial,
          co_window_paths_b, co_window_corner_a, co_window_corner_a,
          co_window_paths_a, co_window_corner_a, co_window_unsneaky_path_c,
          co_window_corner_b, co_window_of_opportunity_c, co_window_corner_b,
          co_window_unsneaky_path_a, co_window_corner_ca,
          co_window_unsneaky_path_d, nicolae_transporter_circle
D:10:     layout_roguey, orc_david_3, serial_glass, glass_columns_a,
          glass_columns_a, glass_columns_a, uniq_maurice, uniq_josephine,
          uniq_harold
D:11:     layout_basic
D:12:     layout_small_grid
D:13:     layout_irregular_city, david_vaults_2, uniq_rupert
Temple:   nicolae_temple_god_jail
Lair:1:   layout_cellular_growth
Lair:2:   layout_gridlike, grunt_megastairs_1, uniq_fannar
Lair:3:   layout_regular_city, minmay_shoals_entry_hut, dummy_snake_entry,
          nicolae_volcano_entry_lava_flow, grunt_megastairs_2
Lair:4:   layout_cave_shapes, nicolae_slime_entry_slimehenge, uniq_snorg
Lair:5:   hangedman_lair_tendril_chambers, layout_regular_city,
          ebering_ghost_reflecting_pool, st_stairs_8, minmay_hedge_maze,
          serial_bayou_shore_b
Orc:1:    layout_diamond_mine, basic_altar, uniq_sonja

Skill      XL: |  1  2  3  4  5  6  7  8  9 10 11 12 13 14 |
---------------+-------------------------------------------+-----
Fighting       | 4 5 6 7 8 9 10 | 10.7
Unarmed Combat | 4 5 6 8 9 11 12 13 14 15 | 15.8
Dodging        | 3 5 6 |  6.3
Stealth        | 2 |  2.0
Invocations    | 3 5 6 8 10 | 10.4
Armour         | 1 3 4 5 6 8 |  8.3
Shields        | 2 4 5 6 8 |  8.3
Ranged Weapons | 1 4 5 |  5.0
Spellcasting   | 3 |  3.6

Action                   |  1- 3 |  4- 6 |  7- 9 | 10-12 | 13-15 || total
-------------------------+-------+-------+-------+-------+-------++-------
Melee: Unarmed           |   171 |   178 |   352 |   623 |   712 ||  2036
       Punch             |     5 |     8 |     6 |       |       ||    19
 Fire: Sling             |       |       |     3 |    27 |    34 ||    64
Throw: Javelin           |       |       |     4 |       |       ||     4
Invok: Lesser Servant of |       |       |       |     3 |     9 ||    12
       Minor Destruction |       |       |       |       |     1 ||     1
Evoke: Wand              |       |     1 |       |       |       ||     1
  Use: Potion            |     1 |     3 |     1 |       |     5 ||    10
       Scroll            |       |     8 |     8 |     6 |     3 ||    25
 Stab: Sleeping          |     3 |     4 |       |       |     1 ||     8
       Distracted        |       |       |       |     2 |     1 ||     3
Armor: Ring mail         |    53 |    78 |    30 |       |       ||   161
       Chain mail        |       |       |   101 |   193 |   140 ||   434
       Troll leather arm |       |       |       |       |    49 ||    49
Dodge: Dodged            |    61 |   134 |   189 |   263 |   302 ||   949
Block: Buckler           |       |       |    74 |   389 |   502 ||   965
       Reflection        |       |       |       |     2 |    12 ||    14

Table legend: (Time is in decaauts)
 A = Elapsed time spent in this place.
 B = Non-inter-level travel time spent in this place.
 C = Inter-level travel time spent in this place.
 D = Time resting spent in this place.
 E = Time spent auto-exploring this place.
 F = Levels seen in this place.
 G = Mean time per level.
                   A        B        C        D        E       F      G
               +--------+--------+--------+--------+--------+-----+--------+
         Total |  23157 |  21400 |   1757 |   3749 |  12658 |  21 | 1102.7 |
       Dungeon |  14160 |  12895 |   1265 |   1436 |   8551 |  13 | 1089.2 |
        Temple |     67 |     50 |     17 |      0 |     21 |   1 |   67.0 |
          Lair |   8349 |   7881 |    468 |   2146 |   3844 |   5 | 1669.8 |
  Orcish Mines |    331 |    325 |      6 |    167 |    100 |   1 |  331.0 |
         Sewer |    247 |    247 |      0 |      0 |    141 |   1 |  247.0 |
               +--------+--------+--------+--------+--------+-----+--------+

Top non-repeatable levels by time:
  Lair:4: 2133 daAuts
     D:9: 2049 daAuts
  Lair:5: 1796 daAuts
     D:6: 1769 daAuts
  Lair:3: 1693 daAuts
  Lair:1: 1463 daAuts
     D:7: 1366 daAuts
  Lair:2: 1262 daAuts
     D:3: 1193 daAuts
     D:5: 1036 daAuts
     D:8: 1024 daAuts
     D:4: 988 daAuts
     D:2: 956 daAuts
    D:10: 953 daAuts
    D:11: 931 daAuts
